CBL
WASHINGTON GENERALS @ MEMPHIS BLUES
09/16/2053
 
TOP OF THE 1ST
Washington Generals batting - Pitching for Memphis Blues : RHP Cal Bates
Pitching: RHP Cal Bates
Batting: LHB Don Stango 0-0: Ball
1-0: DOUBLE (Line Drive, 7LM, EV 103.8 MPH)
Batting: SHB Ivan Zamorano 0-0: Swinging Strike
0-1: Foul Ball, location: 5DF
0-2: Foul Ball, location: 7LMF
0-2: Ball
1-2: Ball
2-2: Foul Ball, location: 2F
2-2: Ball
3-2: Ground out 4-3 (Groundball, 4, EV 101.9 MPH)
Don Stango to third
Batting: LHB José Deleón 0-0: Foul Ball, location: 7LSF
0-1: Called Strike
0-2: Strikes out looking
Batting: LHB Mike Chachere 0-0: Ball
1-0: Called Strike
1-1: Ground out 6-3 (Groundball, 56, EV 98.1 MPH)
Top of the 1st over - 0 runs, 1 hit, 0 errors, 1 left on base; Washington 0 - Memphis 0
BOTTOM OF THE 1ST
Memphis Blues batting - Pitching for Washington Generals : LHP Mal Robinson
Pitching: LHP Mal Robinson
Batting: RHB Brad Benson 0-0: Foul Ball, location: 3SF
0-1: Ball
1-1: Swinging Strike
1-2: Foul Ball, location: 3F
1-2: Strikes out swinging
Batting: RHB Héctor Castro 0-0: Fly out, F3 (Popup, 3SF, EV 85.6 MPH)
Batting: SHB Jesús Escobedo 0-0: Swinging Strike
0-1: Swinging Strike
0-2: Foul Ball, location: 2F
0-2: Ball
1-2: Foul Ball, location: 25FF
1-2: Ball
2-2: Strikes out swinging
Bottom of the 1st over - 0 runs, 0 hits, 0 errors, 0 left on base; Washington 0 - Memphis 0
TOP OF THE 2ND
Washington Generals batting - Pitching for Memphis Blues : RHP Cal Bates
Batting: SHB John Nemecek 0-0: Fly out, F7 (Flyball, 78M, EV 93.8 MPH)
Batting: SHB Dave Silva 0-0: Ball
1-0: Ball
2-0: Swinging Strike
2-1: Foul Ball, location: 23FF
2-2: Strikes out looking
Batting: RHB José Bustamante 0-0: Ball
1-0: Swinging Strike
1-1: Called Strike
1-2: Ground out U3 (Groundball, 34, EV 103.1 MPH)
Top of the 2nd over - 0 runs, 0 hits, 0 errors, 0 left on base; Washington 0 - Memphis 0
BOTTOM OF THE 2ND
Memphis Blues batting - Pitching for Washington Generals : LHP Mal Robinson
Batting: RHB Dave Goff 0-0: Ball
1-0: Ground out 6-3 (Groundball, 6, EV 107.5 MPH)
Batting: RHB Joe Veno 0-0: Ball
1-0: Called Strike
1-1: Ball
2-1: Ball
3-1: Ground out 5-3 (Groundball, 56, EV 103.8 MPH)
Batting: LHB Dan Gaccione 0-0: Ball
1-0: Foul Ball, location: 3F
1-1: Called Strike
1-2: Foul Ball, location: 7LMF
1-2: Ball
2-2: SINGLE (Line Drive, 9S, EV 95.0 MPH)
Batting: RHB Greg Ohrtman 0-0: SINGLE (Line Drive, 34D, EV 99.4 MPH)
Dan Gaccione to second
Runner from 2nd tries for 3rd, SAFE, no throw by RF
Batting: SHB Marty Byrde 0-0: Called Strike
0-1: SINGLE (Groundball, 4MD, EV 99.4 MPH)
Dan Gaccione scores
Greg Ohrtman to second
Runner from 2nd tries for 3rd, SAFE, no throw by CF
Batting: RHB Chris Zickus 0-0: Called Strike
0-1: Ball
1-1: Foul Ball, location: 2F
1-2: Strikes out looking
Bottom of the 2nd over - 1 run, 3 hits, 0 errors, 2 left on base; Washington 0 - Memphis 1
TOP OF THE 3RD
Washington Generals batting - Pitching for Memphis Blues : RHP Cal Bates
Batting: RHB Théo Angot 0-0: Foul Ball, location: 5FF
0-1: Ball
1-1: TRIPLE (Line Drive, 78XD, EV 100.0 MPH)
Batting: RHB Mitch Kozlosky 0-0: Called Strike
0-1: Ball
1-1: Fly out, F9 (Flyball, 9D, EV 99.4 MPH)
Runner from 3rd tags up, SCORES, throw by RF
Batting: LHB Don Stango 0-0: Ball
1-0: Ball
2-0: SINGLE (Line Drive, 89S, EV 88.1 MPH)
Batting: SHB Ivan Zamorano 0-0: Called Strike
0-1: Fly out, F7 (Flyball, 7S, EV 89.4 MPH)
Batting: LHB José Deleón 0-0: Foul Ball, location: 23FF
0-1: Foul Ball, location: 7LSF
0-2: Foul Ball, location: 9LSFF
0-2: Ball
1-2: Ball
2-2: SINGLE (Line Drive, 8RS, EV 102.5 MPH)
Don Stango to second
Runner from 2nd tries for 3rd, SAFE, throw by CF made to third
Batting: LHB Mike Chachere 0-0: Fly out, F9 (Flyball, 9, EV 81.9 MPH)
Top of the 3rd over - 1 run, 3 hits, 0 errors, 2 left on base; Washington 1 - Memphis 1
BOTTOM OF THE 3RD
Memphis Blues batting - Pitching for Washington Generals : LHP Mal Robinson
Batting: RHB Brad Benson 0-0: Called Strike
0-1: Ball
1-1: Foul Ball, location: 9LSF
1-2: SINGLE (Groundball, 34D, EV 95.0 MPH)
Batting: RHB Héctor Castro 0-0: Ball
Brad Benson steals 2nd base
1-0: Foul Ball, location: 2F
1-1: Ball
2-1: Foul Ball, location: 2F
2-2: Foul Ball, location: 2F
2-2: Fielders Choice at 3rd, 6-5 (Groundball, 6, EV 81.3 MPH)
Batting: SHB Jesús Escobedo 0-0: Ball
1-0: Ball
2-0: Called Strike
2-1: Fielders Choice at 2nd, 2-4 (Groundball, 15S, EV 69.4 MPH)
Batting: RHB Dave Goff 0-0: Ball
1-0: Called Strike
1-1: Ball
2-1: Ball
3-1: 2-RUN HOME RUN (Flyball, 78XD, EV 104.4 MPH), Distance : 396 ft
Batting: RHB Joe Veno 0-0: Called Strike
0-1: Swinging Strike
0-2: Ball
1-2: Ball
2-2: Strikes out swinging
Bottom of the 3rd over - 2 runs, 2 hits, 0 errors, 0 left on base; Washington 1 - Memphis 3
TOP OF THE 4TH
Washington Generals batting - Pitching for Memphis Blues : RHP Cal Bates
Batting: SHB John Nemecek 0-0: Ball
1-0: Ball
2-0: Ball
3-0: Base on Balls
Batting: SHB Dave Silva 0-0: Called Strike
0-1: Called Strike
0-2: Strikes out swinging
John Nemecek is caught stealing 2nd base 2-6
Batter strikes out.
Batting: RHB José Bustamante 0-0: Ball
1-0: Fly out, F7 (Flyball, 7LS, EV 93.8 MPH)
Top of the 4th over - 0 runs, 0 hits, 0 errors, 0 left on base; Washington 1 - Memphis 3
BOTTOM OF THE 4TH
Memphis Blues batting - Pitching for Washington Generals : LHP Mal Robinson
Batting: LHB Dan Gaccione 0-0: SINGLE (Line Drive, 9S, EV 105.0 MPH)
Batting: RHB Greg Ohrtman 0-0: Ball
Dan Gaccione steals 2nd base
1-0: Called Strike
1-1: Fly out, F9 (Line Drive, 9, EV 84.4 MPH)
Batting: SHB Marty Byrde 0-0: Ball
1-0: Ball
2-0: Ball
3-0: Base on Balls
Batting: RHB Chris Zickus 0-0: Swinging Strike
0-1: Called Strike
0-2: Foul Ball, location: 3F
0-2: Foul Ball, location: 23F
0-2: SINGLE (Groundball, 4MD, EV 95.6 MPH)
Dan Gaccione to third
Marty Byrde to second
Runner from 3rd tries for Home, SAFE, throw by CF to home
Batting: RHB Brad Benson 0-0: SINGLE (Line Drive, 89M, EV 106.3 MPH)
Marty Byrde to third
Chris Zickus to second
Batting: RHB Héctor Castro 0-0: Called Strike
0-1: Ball
1-1: Ball
2-1: Foul Ball, location: 2F
2-2: Ball
3-2: Foul Ball, location: 3DF
3-2: Base on Balls
Marty Byrde scores
Chris Zickus to third
Brad Benson to second
Pitching: RHP Arturo Quintanilla
Batting: SHB Jesús Escobedo 0-0: Grounds into double play, 5-4-3 (Groundball, 5, EV 79.4 MPH)
Bottom of the 4th over - 2 runs, 3 hits, 0 errors, 2 left on base; Washington 1 - Memphis 5
TOP OF THE 5TH
Washington Generals batting - Pitching for Memphis Blues : RHP Cal Bates
Batting: RHB Théo Angot 0-0: Foul Ball, location: 3F
0-1: Swinging Strike
0-2: DOUBLE (Line Drive, 8RXD, EV 96.9 MPH)
Batting: RHB Mitch Kozlosky 0-0: Ball
1-0: Ground out 5-3 (Groundball, 5, EV 61.9 MPH)
Batting: LHB Don Stango 0-0: DOUBLE (Line Drive, 89D, EV 111.3 MPH)
Théo Angot scores
Batting: SHB Ivan Zamorano 0-0: SINGLE (Line Drive, 4D, EV 96.3 MPH)
Don Stango to third
Runner from 3rd tries for Home, throw by RF and OUT! 9-2
Batting: LHB José Deleón 0-0: Swinging Strike
0-1: Ball
1-1: Ball
2-1: Fielders Choice at 2nd, 6-4 (Groundball, 56D, EV 103.8 MPH)
Top of the 5th over - 1 run, 3 hits, 0 errors, 1 left on base; Washington 2 - Memphis 5
BOTTOM OF THE 5TH
Memphis Blues batting - Pitching for Washington Generals : RHP Arturo Quintanilla
Batting: RHB Dave Goff 0-0: Ball
1-0: Ground out 6-3 (Groundball, 6, EV 101.9 MPH)
Batting: RHB Joe Veno 0-0: Called Strike
0-1: Called Strike
0-2: Strikes out swinging
Batting: LHB Dan Gaccione 0-0: Ball
1-0: Ball
2-0: Foul Ball, location: 5SF
2-1: Foul Ball, location: 5SF
2-2: Ground out 4-3 (Groundball, 4, EV 83.8 MPH)
Bottom of the 5th over - 0 runs, 0 hits, 0 errors, 0 left on base; Washington 2 - Memphis 5
TOP OF THE 6TH
Washington Generals batting - Pitching for Memphis Blues : RHP Cal Bates
Batting: LHB Mike Chachere 0-0: Ball
1-0: Ball
2-0: SINGLE (Line Drive, 7S, EV 103.1 MPH)
Batting: SHB John Nemecek 0-0: Called Strike
0-1: Called Strike
0-2: Fly out, F8 (Flyball, 78M, EV 79.4 MPH)
Batting: SHB Dave Silva 0-0: Ball
1-0: Ball
2-0: Fielders Choice at 2nd, 6-4 (Groundball, 6M, EV 108.8 MPH)
Batting: RHB José Bustamante 0-0: Foul Ball, location: 2F
0-1: Ball
1-1: Called Strike
1-2: Ground out U3 (Groundball, 34S, EV 92.5 MPH)
Top of the 6th over - 0 runs, 1 hit, 0 errors, 1 left on base; Washington 2 - Memphis 5
BOTTOM OF THE 6TH
Memphis Blues batting - Pitching for Washington Generals : RHP Arturo Quintanilla
Batting: RHB Greg Ohrtman 0-0: Ball
1-0: Swinging Strike
1-1: Foul Ball, location: 9LSF
1-2: Ball
2-2: Ball
3-2: Foul Ball, location: 2F
3-2: Foul Ball, location: 2F
3-2: Base on Balls
Batting: SHB Marty Byrde 0-0: Ball
1-0: Fly out, F9 (Flyball, 9, EV 95.0 MPH)
Batting: RHB Chris Zickus 0-0: Ball
Greg Ohrtman is caught stealing 2nd base 2-4
1-0: Called Strike
1-1: Ball
2-1: Ground out 6-3 (Groundball, 6, EV 88.8 MPH)
Bottom of the 6th over - 0 runs, 0 hits, 0 errors, 0 left on base; Washington 2 - Memphis 5
TOP OF THE 7TH
Washington Generals batting - Pitching for Memphis Blues : RHP Cal Bates
Batting: RHB Théo Angot 0-0: Ball
1-0: Ball
2-0: Called Strike
2-1: Ball
3-1: SINGLE (Line Drive, 8LS, EV 94.4 MPH)
Batting: RHB Mitch Kozlosky 0-0: Called Strike
0-1: Swinging Strike
0-2: Strikes out looking
Pitching: RHP Sheridon Raffles
Batting: LHB Don Stango 0-0: Ball
1-0: Fly out, F9 (Flyball, 9S, EV 92.5 MPH)
Batting: SHB Ivan Zamorano 0-0: Ball
1-0: Ball
2-0: Ball
3-0: Base on Balls
Théo Angot to second
Pitching: RHP Munehiro Amaki
Batting: LHB José Deleón 0-0: Ball
Wild Pitch!
Théo Angot to third
Ivan Zamorano to second
1-0: Called Strike
1-1: Called Strike
1-2: Strikes out swinging
Top of the 7th over - 0 runs, 1 hit, 0 errors, 2 left on base; Washington 2 - Memphis 5
BOTTOM OF THE 7TH
Memphis Blues batting - Pitching for Washington Generals : RHP Arturo Quintanilla
Batting: RHB Brad Benson 0-0: Called Strike
0-1: Ball
1-1: Swinging Strike
1-2: Ball
2-2: Ball
3-2: Strikes out swinging, 2-3 out at first.
Batting: RHB Héctor Castro 0-0: Ball
1-0: Swinging Strike
1-1: Ball
2-1: Fly out, F8 (Flyball, 89M, EV 88.8 MPH)
Batting: SHB Jesús Escobedo 0-0: Ball
1-0: Called Strike
1-1: Ball
2-1: Ball
3-1: Foul Ball, location: 7LSF
3-2: SINGLE (Flyball, 78S, EV 96.9 MPH)
Pitching: LHP Lazlo Stromain
Batting: RHB Dave Goff 0-0: Foul Ball, location: 2RF
0-1: Foul Ball, location: 2F
0-2: Ball
1-2: Ball
2-2: Ball
3-2: Base on Balls
Jesús Escobedo to second
Batting: RHB Joe Veno 0-0: Ball
1-0: Foul Ball, location: 9LMF
1-1: Called Strike
1-2: Strikes out swinging
Bottom of the 7th over - 0 runs, 1 hit, 0 errors, 2 left on base; Washington 2 - Memphis 5
TOP OF THE 8TH
Washington Generals batting - Pitching for Memphis Blues : RHP Munehiro Amaki
Batting: LHB Mike Chachere 0-0: Ball
1-0: Ball
2-0: Called Strike
2-1: Called Strike
2-2: Foul Ball, location: 2F
2-2: Ball
3-2: Strikes out swinging
Batting: SHB John Nemecek 0-0: Ball
1-0: Foul Ball, location: 2F
1-1: Ground out 1-3 (Groundball, 34S, EV 70.0 MPH)
Batting: SHB Dave Silva 0-0: Fly out, F9 (Flyball, 89D, EV 106.9 MPH)
Top of the 8th over - 0 runs, 0 hits, 0 errors, 0 left on base; Washington 2 - Memphis 5
BOTTOM OF THE 8TH
Memphis Blues batting - Pitching for Washington Generals : LHP Lazlo Stromain
Batting: LHB Dan Gaccione 0-0: Called Strike
0-1: Foul Ball, location: 25F
0-2: Ball
1-2: Strikes out looking
Batting: RHB Greg Ohrtman 0-0: Ground out 4-3 (Groundball, 4, EV 83.8 MPH)
Batting: SHB Marty Byrde 0-0: SINGLE (Groundball, 56D, EV 105.0 MPH)
Batting: RHB Chris Zickus 0-0: Called Strike
0-1: Ball
1-1: Ball
2-1: Foul Ball, location: 23F
2-2: Foul Ball, location: 9LDF
2-2: Fly out, F9 (Line Drive, 9S, EV 93.1 MPH)
Bottom of the 8th over - 0 runs, 1 hit, 0 errors, 1 left on base; Washington 2 - Memphis 5
TOP OF THE 9TH
Washington Generals batting - Pitching for Memphis Blues : RHP Munehiro Amaki
Batting: RHB José Bustamante 0-0: Called Strike
0-1: Ball
1-1: Foul Ball, location: 9LMFF
1-2: Ball
2-2: SINGLE (Groundball, 6MD, EV 110.0 MPH)
Batting: RHB Théo Angot 0-0: Called Strike
0-1: Foul Ball, location: 9LSF
0-2: Ball
1-2: Strikes out swinging
Pitching: RHP Roki Sasaki
Pinch Hitting: RHB Josh Comingore 0-0: Ball
1-0: Ball
2-0: Called Strike
Pickoff Throw to First - Out! 1-3
2-1: Called Strike
2-2: Foul Ball, location: 2F
2-2: Foul Ball, location: 2F
2-2: Foul Ball, location: 2F
2-2: Ball
3-2: Foul Ball, location: 9LSF
3-2: Strikes out swinging
Top of the 9th over - 0 runs, 1 hit, 0 errors, 0 left on base; Washington 2 - Memphis 5
Thursday, April 11th , 2024 - OOTP Baseball 24.11 Build 85